 Dungeon Crawl Stone Soup version 0.32-a0-530-gb6d6f0d0ac (webtiles) character file.

Game seed: 15639656766072864529

12798 NormalPerson7 the Skirmisher (level 12, -1/70 HPs)
             Began as a Kobold Hexslinger on Feb 27, 2024.
             Was a Priest of Nemelex Xobeh.
             Hit by a large rock thrown by a cyclops (38 damage)
             ... on level 11 of the Dungeon.
             The game lasted 02:26:48 (22179 turns).

NormalPerson7 the Skirmisher (Kobold Hexslinger)   Turns: 22179, Time: 02:26:48

Health: -1/70      AC:  7    Str:  7    XL:     12   Next: 24%
Magic:  14/18      EV: 19    Int: 16    God:    Nemelex Xobeh [***...]
Gold:   286        SH:  0    Dex: 19    Spells: 8/17 levels left

rFire   + . .        a - +0 orcbow
rCold   + . .        (shield currently unavailable)
rNeg    . . .        K - +2 robe {rPois}
rPois   +            (no helmet)
rElec   .            C - scarf {rC+ rF+}
rCorr   .            y - +0 pair of gloves
SInv    .            H - +1 pair of boots
Will    .....        m - amulet of faith {!P}
Stlth   ++++         (no ring)
HPRegen 0.31/turn    (no ring)
MPRegen 0.16/turn

%: faith
@: no status effects
A: small, no large weapons, nightstalker 3
a: Renounce Religion, Draw Escape, Draw Destruction, Draw Summoning, Triple Draw


You were on level 11 of the Dungeon.
You worshipped Nemelex Xobeh.
Nemelex Xobeh was most pleased with you.
You visited 2 branches of the dungeon, and saw 12 of its levels.

You collected 696 gold pieces.
You spent 410 gold pieces at shops.

Inventory:

Hand Weapons
 a - a +0 orcbow (weapon)
 g - a +0 hand axe
 q - a +2 dagger of holy wrath
 B - a +1 whip of venom
 J - a +1 dagger of venom
Missiles
 i - 70 poisoned darts
 u - 3 datura-tipped darts
 w - 7 curare-tipped darts
 P - a throwing net {!f}
Armour
 y - a +0 pair of gloves (worn)
 C - a scarf of resistance (worn)
 H - a +1 pair of boots (worn)
 K - a +2 robe of poison resistance (worn)
 L - +0 acid dragon scales
Magical Staves
 j - a staff of fire
Jewellery
 b - an amulet of regeneration
 m - an amulet of faith (around neck) {!P}
Wands
 v - a wand of paralysis (2)
 x - a wand of polymorph (7)
 F - a wand of flame (19)
 I - a wand of mindburst (12)
 N - a wand of light (12)
Scrolls
 d - a scroll of poison
 k - 2 scrolls of immolation
 n - a scroll of enchant weapon {unknown}
 o - 3 scrolls of fog
 r - a scroll of identify
 s - 2 scrolls of blinking {unknown}
 t - 5 scrolls of teleportation
 A - a scroll of torment {unknown}
 D - a scroll of revelation {unknown}
 G - 3 scrolls of vulnerability
 M - a scroll of enchant armour {unknown}
Potions
 c - a potion of curing
 e - 2 potions of resistance
 f - 2 potions of haste
 h - 3 potions of heal wounds
 l - a potion of cancellation
 p - 3 potions of might
 z - 2 potions of enlightenment {unknown}
 E - 2 potions of degeneration {unknown}
 O - a potion of lignification


   Skills:
 - Level 6.0 Fighting
 - Level 14.0 Ranged Weapons
 + Level 6.9 Dodging
 - Level 4.0 Stealth
 - Level 3.0 Spellcasting
 - Level 9.0 Hexes
 - Level 1.0 Fire Magic
 - Level 4.8 Alchemy
 - Level 8.0 Invocations
 - Level 5.0 Evocations


You had 8 spell levels left.
You knew the following spells:

 Your Spells              Type           Power      Damage    Failure   Level
a - Jinxbite              Hex            62%        N/A       1%          2
b - Sigil of Binding      Hex            31%        N/A       1%          3
f - Cause Fear            Hex            15%        N/A       4%          4

Your spell library contained the following spells:

 Spells                   Type           Power      Damage    Failure   Level
 Inner Flame              Hex/Fire       18%        N/A       7%          3
 Mercury Vapours          Alch/Air       20%        N/A       11%         2
 Scorch                   Fire           10%        2d5       19%         2
 Sublimation of Blood     Necr           2%         N/A       28%         2
 Mephitic Cloud           Conj/Alch/Air  7%         N/A       28%         3
 Dimensional Bullseye     Hex/Tloc       8%         N/A       28%         4
 Petrify                  Alch/Erth      10%        N/A       56%         4
 Silence                  Hex/Air        8%         N/A       63%         5
 Flame Wave               Conj/Fire      4%         2d5       83%         4
 Passage of Golubria      Tloc           2%         N/A       88%         4
 Irradiate                Conj/Alch      5%         3d13      88%         5
 Freezing Cloud           Conj/Ice/Air   1%         6-21      99%         5
 Summon Cactus Giant      Summ           1%         N/A       100%        6
 Lehudib's Crystal Spear  Conj/Erth      1%         10d2      100%        8


Dungeon Overview and Level Annotations

Branches:
Dungeon (11/15)            Temple (1/1) D:5             Orc (0/2) D:9
   Lair: D:8-11

Altars:
Ashenzari
Cheibriados
Dithmenos
Elyvilon
Fedhas
Gozag
Hepliaklqana
Kikubaaqudgha
Makhleb
Nemelex Xobeh
Okawaru
Qazlal
Ru
Sif Muna
Trog
Uskayaw
Vehumet
Wu Jian
Xom
Yredelemnul
Zin
The Shining One

Shops:
D:4 *   D:5 *

Annotations:
D:8 Erica


Innate Abilities, Weirdness & Mutations

You are small and have problems with some larger weapons.
You are completely attuned to the shadows.


Message History

Unknown command.
Unknown command.
Casting: Jinxbite (safe; 1% risk of failure)
Confirm with . or Enter, or press ? or * to list all spells.
Casting: Cause Fear (dangerous; 4% risk of failure)
Press: ? - help, Dir - look around, f - activate Look: a cyclops, quivering large rocks (wandering, hasn't noticed you, chance to affect: 51%)
The cyclops shouts!
The cyclops resists with some effort.
Casting: Cause Fear (dangerous; 4% risk of failure)
Confirm with . or Enter, or press ? or * to list all spells.
Casting: Cause Fear (dangerous; 4% risk of failure)
Press: ? - help, Dir - look around, f - activate The cyclops looks frightened!
You start resting.
A cyclops is nearby!
Unknown command.
Unknown command.
You draw a card...
You have drawn Pain.
Press: ? - help, Shift-Dir - straight line, f - cyclops
Aim: a cyclops, quivering large rocks The bolt of negative energy hits the cyclops!!
The cyclops is drained!
The cyclops is severely wounded.
The cyclops throws a large rock.
The large rock hits you!!
Okay, then.
Unknown command.
Press: ? - help, v - describe, . - travel
Here: a cyclops, quivering large rocks (severely wounded, lightly drained)
The floor.
You draw a card...
You have drawn the Orb.
Press: ? - help, Shift-Dir - straight line, f/p - cyclops
Aim: a cyclops, quivering large rocks (severely wounded, lightly drained)
Your orb of destruction hits a rock wall.
The cyclops throws a large rock.
The large rock hits you!!!
Ouch! That really hurt!
You die...
Your body glows slightly and disappears.

##.#######.###.# #..Y.
##...........#.#####
##########.#.#.....#
##########.........#
.............C.....#
.......#...........#
######.#.#.....*...#
######.#......##☼.*#
.....#.#########@○.#
........#..÷.†..○..#
####.####.#####.*..######
#.# #....<#......)..##
#.####..##.#..........#
#.......##.#....####..####
######.#.#.#.............#
#.#.#.#########..##.# #
#.#...#..........##.# #


You could see a cyclops (drained, ally target).

Vanquished Creatures
  Snorg (D:11)
  2 two-headed ogres (D:10)
  Pikel (D:4)
  An unseen horror (D:10)
  Jeremiah (D:8)
  A kobold demonologist (D:9)
  2 komodo dragons (D:11)
  2 trolls (D:11)
  2 hornets (D:8)
  A shadow (D:11)
  28 yaks
  A vampire (D:9)
  2 acid dragons
  2 water moccasins (D:6)
  A sky beast (D:8)
  5 black bears
  An ice beast (D:6)
  An orc warrior (D:9)
  A centaur (D:9)
  A phantom (D:5)
  2 lemures
  7 kobold brigands
  A gnoll sergeant (D:5)
  5 bullfrogs
  4 scorpions
  5 wights
  6 killer bees
  A howler monkey (D:6)
  A jelly (D:6)
  6 hounds
  11 orc priests
  A gnoll bouda (D:5)
  A sleepcap (D:2)
  Jessica (D:3)
  8 orc wizards
  3 iguanas
  10 gnolls
  11 adders
  3 shadow imps
  2 ufetubi (D:5)
  2 dart slugs (D:2)
  2 ribbon worms
  42 orcs
  A bat (D:1)
  7 endoplasms
  3 giant cockroaches
  5 goblins
  6 hobgoblins
  3 jackals (D:1)
  34 kobolds
  A quokka (D:1)
  5 ball pythons
  2 frilled lizards (D:1)
  5 rats
264 creatures vanquished.

Notes
Turn   | Place    | Note
-------+----------+-------------------------------------------
     0 | D:1      | NormalPerson7 the Kobold Hexslinger began the quest for the
                  | Orb.
     0 | D:1      | Reached XP level 1. HP: 12/12 MP: 2/2
   219 | D:1      | Reached skill level 3 in Ranged Weapons
   357 | D:1      | Reached XP level 2. HP: 3/16 MP: 3/3
   438 | D:1      | Learned a level 2 spell: Jinxbite
  1062 | D:1      | Reached skill level 4 in Ranged Weapons
  1432 | D:2      | Reached XP level 3. HP: 20/20 MP: 1/4
  2272 | D:3      | Learned a level 3 spell: Sigil of Binding
  2579 | D:3      | Reached XP level 4. HP: 25/25 MP: 6/6
  2772 | D:3      | Noticed Jessica
  2786 | D:3      | Killed Jessica
  2787 | D:3      | Reached XP level 5. HP: 29/29 MP: 3/7
  4192 | D:4      | Reached skill level 5 in Hexes
  4351 | D:4      | Noticed Pikel
  4351 | D:4      | Noticed a lemure
  4351 | D:4      | Noticed a lemure
  4351 | D:4      | Noticed a lemure
  4435 | D:4      | Found a bloodstained altar of Trog.
  5024 | D:2      | Reached skill level 5 in Ranged Weapons
  5024 | D:2      | Reached XP level 6. HP: 34/34 MP: 5/8
  5860 | D:4      | Reached skill level 6 in Ranged Weapons
  6847 | D:5      | Entered Level 5 of the Dungeon
  7459 | D:4      | Found Ufritom's Serpentskin Sales.
  7542 | D:4      | Reached XP level 7. HP: 34/38 MP: 5/9
  7548 | D:4      | Learned a level 4 spell: Cause Fear
  7589 | D:4      | Bought 6 curare-tipped darts for 93 gold pieces
  8396 | D:4      | Killed Pikel
  8397 | D:4      | Reached XP level 8. HP: 43/43 MP: 6/10
  9451 | D:5      | Found Zuiph's Assorted Antiques.
  9456 | D:5      | Bought a worn brass wand for 84 gold pieces
  9456 | D:5      | Bought a scroll of identify for 42 gold pieces
 10116 | D:5      | Found a staircase to the Ecumenical Temple.
 10207 | Temple   | Entered the Ecumenical Temple
 10231 | Temple   | Became a worshipper of Nemelex Xobeh the Trickster
 10503 | D:5      | Reached skill level 7 in Ranged Weapons
 10866 | D:5      | Reached skill level 8 in Ranged Weapons
 10969 | D:5      | Reached XP level 9. HP: 48/48 MP: 6/11
 12066 | D:6      | Reached skill level 1 in Alchemy
 12537 | D:6      | Reached * piety under Nemelex Xobeh
 12548 | D:6      | You fall into a shaft and drop 1 floor!
 12778 | D:7      | Found a blossoming altar of Fedhas.
 13288 | D:7      | Received a gift from Nemelex Xobeh
 13369 | D:7      | Reached skill level 1 in Invocations
 13484 | D:7      | Found a burning altar of Makhleb.
 13707 | D:8      | Noticed a hornet
 13838 | D:8      | Reached skill level 1 in Evocations
 13936 | D:8      | Noticed a hornet
 14090 | D:8      | Reached XP level 10. HP: 49/56 MP: 9/14
 14125 | D:8      | Reached ** piety under Nemelex Xobeh
 14181 | D:8      | Found a hazy altar of Hepliaklqana.
 14196 | D:8      | Noticed Erica
 14249 | D:8      | Noticed Jeremiah
 14556 | D:4      | Bought a +2 robe of poison resistance for 191 gold pieces
 15110 | D:8      | Reached skill level 5 in Invocations
 15110 | D:8      | Reached skill level 5 in Evocations
 15372 | D:8      | Killed Jeremiah
 15770 | D:9      | Noticed a kobold demonologist
 15778 | D:9      | Killed a kobold demonologist
 16085 | D:9      | Found an ancient bone altar of Kikubaaqudgha.
 16085 | D:9      | Found a shimmering altar of Xom.
 16086 | D:9      | Found a basalt altar of Yredelemnul.
 16086 | D:9      | Found an ornate altar of the Wu Jian Council.
 17566 | D:9      | Reached skill level 9 in Ranged Weapons
 17673 | D:9      | Found a staircase to the Orcish Mines.
 17968 | D:9      | Reached XP level 11. HP: 60/60 MP: 10/17
 17999 | D:9      | Reached skill level 10 in Ranged Weapons
 18363 | D:10     | Entered Level 10 of the Dungeon
 18363 | D:10     | Received a gift from Nemelex Xobeh
 18366 | D:10     | Noticed a two-headed ogre
 18374 | D:10     | Killed a two-headed ogre
 18375 | D:10     | Reached skill level 11 in Ranged Weapons
 18470 | D:10     | Found a broken altar of Ashenzari.
 19027 | D:10     | Reached *** piety under Nemelex Xobeh
 19100 | D:10     | Noticed a two-headed ogre
 19163 | D:10     | Killed a two-headed ogre
 19164 | D:10     | Reached skill level 12 in Ranged Weapons
 19317 | D:10     | Received a gift from Nemelex Xobeh
 20065 | D:10     | Reached skill level 5 in Fighting
 20461 | D:11     | Noticed a cyclops
 21202 | D:10     | Reached skill level 13 in Ranged Weapons
 21253 | D:11     | Received a gift from Nemelex Xobeh
 21572 | D:11     | Noticed Snorg
 21584 | D:11     | Killed Snorg
 21683 | D:11     | Reached skill level 14 in Ranged Weapons
 21683 | D:11     | Reached XP level 12. HP: 57/70 MP: 13/18
 21787 | D:11     | Reached skill level 5 in Dodging
 22179 | D:11     | Hit by a large rock thrown by a cyclops

Illustrated notes

Levels and vault maps discovered:
D:1:      roderic_crop_circles_arrival_small, layout_loops_ring,
          minmay_liquid_box, dreamdust_princess_corridor,
          hangedman_abyss_or_decor_lesser_grid
D:2:      layout_loops_cross, minmay_misc_feat_columns, grunt_ministairs_2,
          nicolae_figureground_sparkle
D:3:      layout_loops_corners, grunt_decor_mini_mirrors, uniq_jessica
D:4:      layout_basic, trog_antimagical, guppyfry_shop_venom, uniq_pikel
D:5:      layout_gridville, minmay_temple_entry_mini_moons, serial_shops,
          nicolae_shop_overgrown_old_shop
D:6:      layout_gridville
D:7:      layout_cave_pools, mainiacjoe_overflow_concentric_impassable,
          nicolae_overflow_crystal_walls
D:8:      layout_rooms, mainiacjoe_overflow_24_doors, serial_glass,
          glass_columns_c, glass_columns_a, uniq_jeremiah, uniq_erica
D:9:      layout_long_grid, mainiacjoe_overflow_alcove_3, hiddenorc1_lemuel
D:10:     layout_basic, mainiacjoe_overflow_paths
D:11:     layout_basic, grunt_lair_entry_orc_guard_hut, uniq_snorg
Temple:   nicolae_temple_bog_church

Skill      XL: |  1  2  3  4  5  6  7  8  9 10 11 12 |
---------------+-------------------------------------+-----
Ranged Weapons | 3 4 5 6 8 9 14 | 14.0
Hexes          | 4 5 8 9 |  9.0
Fighting       | 2 3 6 |  6.0
Stealth        | 4 |  4.0
Spellcasting   | 3 |  3.0
Alchemy        | 4 |  4.8
Invocations    | 3 8 |  8.0
Evocations     | 2 5 |  5.0
Dodging        | 3 6 |  6.9
Fire Magic     | |  1.0

Action                     |  1- 3 |  4- 6 |  7- 9 | 10-12 || total
---------------------------+-------+-------+-------+-------++-------
  Melee: Dagger            |       |       |       |    13 ||    13
         Sling             |       |       |       |     1 ||     1
   Fire: Sling             |    91 |   233 |   392 |   142 ||   858
         Orcbow            |       |       |       |   347 ||   347
  Throw: Dart              |       |       |    10 |     2 ||    12
   Cast: Jinxbite          |     7 |     9 |    56 |    67 ||   139
         Sigil of Binding  |       |    26 |    44 |    40 ||   110
         Cause Fear        |       |       |    11 |    24 ||    35
 Invoke: Draw Destruction  |       |       |     1 |    11 ||    12
  Evoke: Wand              |       |       |       |    17 ||    17
    Use: Scroll            |     7 |     5 |     3 |     4 ||    19
         Potion            |       |     1 |       |     1 ||     2
   Stab: Sleeping          |       |       |       |     1 ||     1
         Paralysed         |       |       |       |    12 ||    12
 Armour: Robe              |     7 |    54 |    86 |   174 ||   321
         Skin              |       |     2 |       |       ||     2
  Dodge: Dodged            |    33 |    90 |   143 |   235 ||   501
         Repelled          |    10 |     2 |     1 |     1 ||    14

Table legend: (Time is in decaauts)
 A = Elapsed time spent in this place.
 B = Non-inter-level travel time spent in this place.
 C = Inter-level travel time spent in this place.
 D = Time resting spent in this place.
 E = Time spent auto-exploring this place.
 F = Levels seen in this place.
 G = Mean time per level.
                   A        B        C        D        E       F      G
               +--------+--------+--------+--------+--------+-----+--------+
         Total |  22251 |  18392 |   3859 |   5182 |   4144 |  12 | 1854.2 |
       Dungeon |  22208 |  18389 |   3819 |   5182 |   4144 |  11 | 2018.9 |
        Temple |     43 |      3 |     40 |      0 |      0 |   1 |   43.0 |
               +--------+--------+--------+--------+--------+-----+--------+

Top non-repeatable levels by time:
     D:4: 3567 daAuts
     D:3: 2774 daAuts
     D:9: 2667 daAuts
    D:10: 2308 daAuts
     D:5: 2147 daAuts
     D:6: 1892 daAuts
     D:1: 1538 daAuts
    D:11: 1471 daAuts
     D:7: 1363 daAuts
     D:8: 1303 daAuts
     D:2: 1174 daAuts
  Temple: 43 daAuts
